[Event "Czech Open-GM 2022"]
[Site "Pardubice"]
[Date "2022.07.28"]
[Round "7.5"]
[White "Bronstein, Or"]
[Black "Gnojek, Petr"]
[Result "1-0"]
[ECO "B81"]
[WhiteElo "2476"]
[BlackElo "2295"]
[Annotator "TA"]
[PlyCount "41"]
[EventDate "2022.07.22"]
[EventType "swiss"]
[EventCountry "CZE"]
[SourceTitle "playchess.com"]
[Source "ChessBase"]
[SourceQuality "1"]
[TimeControl "40/5400+30:1800+30"]

1. e4 c5 2. Nf3 d6 3. d4 cxd4 4. Nxd4 Nf6 5. Nc3 e6 6. g4 h6 7. Rg1 g5 {[%emt 0:03:47] B81: Sicilian Scheveningen: Keres Attack.} 8. h4 gxh4 9. g5 hxg5 {[%emt 0:00:06] White is better.} 10. Bxg5 {[%emt 0:00:02][%cal Oe4e5] Black must now prevent e5!} Be7 {[%emt 0:14:38] [#]} 11. Qd3 $146 ({Predecessor:} 11. Qe2 a6 12. O-O-O Nbd7 13. f4 Nh5 14. Qf3 Ng3 15. Bxe7 Qxe7 16. Bh3 Nb6 17. Nde2 Nxe2+ 18. Nxe2 {1-0 (32) Hausner,I (2407)-Ftacnik,L (2570) Slovakia 2011}) 11... a6 {[%emt 0:04:54] Inhibits Ndb5.} 12. O-O-O {[%emt 0:05:07] 0x0.001e3b197166dp-1022s more active pieces.} Bd7 $2 {[%emt 0:05:23] [#]} (12... e5 $16 {was worth a try.}) 13. e5 $1 $18 dxe5 {[%emt 0:00:09] [#]} (13... Ng4 {was called for.} 14. Bxe7 (14. Rxg4 Bxg5+ 15. f4 Be7 $18) 14... Nxe5 15. Bxd8 Nxd3+ 16. Rxd3 (16. Bxd3 Kxd8 17. Rg7 Ke7 $18) 16... Kxd8) 14. Nxe6 $1 {[%emt 0:00:17][%mdl 64] Pin} Qa5 (14... fxe6 {gets mated.} 15. Qg6+ Kf8 16. Bh6+ Rxh6 17. Qxh6+ Ke8 18. Qg6+ Kf8 19. Ne4) (14... Bxe6 15. Qxd8+ Bxd8) 15. Bxf6 Bxf6 16. Nd5 Bxe6 17. Nxf6+ Ke7 18. Ng8+ (18. Qf3 Nc6 19. Bc4 (19. Ne4 Rh6 $11) 19... Nd4 20. Rxd4 exd4 $11) 18... Rxg8 19. Rxg8 {[%emt 0:01:48] Qd6+ is the strong threat.} Qc7 {[%emt 0:01:39] Against Qd6+} 20. Qa3+ Kf6 21. Qe3 {[%emt 0:00:06] Black got outplayed after the opening.  Weighted Error Value: White=0.03 (flawless) /Black=1.08} 1-0

[Event "Czech Open-GM 2022"]
[Site "Pardubice"]
[Date "2022.07.28"]
[Round "7.6"]
[White "Simek, Petr"]
[Black "Pantzar, Milton"]
[Result "1-0"]
[ECO "D30"]
[WhiteElo "2348"]
[BlackElo "2447"]
[Annotator "TA"]
[PlyCount "139"]
[EventDate "2022.07.22"]
[EventType "swiss"]
[EventCountry "CZE"]
[SourceTitle "playchess.com"]
[Source "ChessBase"]
[SourceQuality "1"]
[TimeControl "40/5400+30:1800+30"]

1. d4 d5 2. c4 e6 3. Nf3 Nf6 4. g3 c5 5. cxd5 exd5 6. Bg2 Nc6 7. O-O Be7 8. dxc5 Bxc5 9. a3 Ne4 {[%emt 0:01:09] D30: Queen's Gambit Declined: Systems without Nc3.} 10. Nfd2 f5 11. Nxe4 {[%emt 0:00:10] [#]} fxe4 $146 {[%emt 0:16:35] The position is equal.} ({Predecessor:} 11... dxe4 12. Qxd8+ Nxd8 13. Nc3 Be6 14. Bf4 Nf7 15. Rac1 Rc8 16. Na4 Bd6 17. f3 exf3 18. Bxf3 {½-½ (65) Buhmann,R (2612)-Krassowizkij,J (2429) Germany 2015}) 12. b4 Bb6 13. Nc3 Be6 14. Na4 h5 (14... O-O $14) 15. Nxb6 $16 Qxb6 16. Bg5 Ne5 (16... O-O $14) 17. Be3 $1 Qd8 18. Bd4 Nc6 (18... Nc4 $16 {might work better.}) 19. Bxg7 $18 Rh7 20. Bd4 h4 21. b5 (21. Be3 $142) 21... Ne7 (21... Nxd4 $16 22. Qxd4 hxg3) 22. Bf6 {[%emt 0:23:04] This bishop pair is nice.} Qd7 23. Bxe7 ({But not} 23. Bxh4 $6 Ng6 $14) (23. Rc1 $18) 23... Kxe7 (23... Qxe7 $142 24. Qd4 Qg7 25. Qxg7 Rxg7) 24. Qd4 $16 Qd6 25. Rfd1 ({White should play} 25. Rad1 $18 {[%cal Og2e4] Strongly threatening Bxe4!} Qc7 26. Rc1 (26. Bxe4 dxe4 27. Qxe4 Rh5 $14)) 25... hxg3 26. hxg3 Rg8 (26... Qb6 $16) 27. Qb4 $2 ({Worse is} 27. Bxe4 Rh4 28. Qxa7 Rxe4 29. Qxb7+ Kf6 $17) (27. Qxa7 $18 Qb8 28. Qb6) 27... e3 28. Rd4 Rhg7 29. Bxd5 Bxd5 30. Rxd5 {[%emt 0:00:05][%mdl 64] Pin} exf2+ 31. Kxf2 {[%emt 0:00:12] The board is on fire.} Rf7+ 32. Ke1 Qxb4+ 33. axb4 Rxg3 {[%emt 0:01:28] ...Rg1+ is the strong threat.} 34. Rxa7 $14 {[%emt 0:00:34][%mdl 4096] Endgame KRR-KRR} Ke6 35. Rd8 Rg5 (35... Rg4 $11 {remains equal.}) 36. Ra3 $16 Rxb5 37. Re3+ Kf5 38. Rf3+ Ke6 39. Rxf7 Kxf7 $14 {[%emt 0:00:08] KR-KR} 40. Rd4 Ke6 41. Kd2 Rh5 42. Kd3 b5 43. Rd8 Ke7 $2 (43... Rd5+ $11 44. Rxd5 Kxd5 45. e4+ Ke5 46. Ke3 Ke6 47. Kd4 Kd6 48. e5+ Ke6) 44. Rb8 $18 Kd6 45. e4 Kc7 46. Rf8 $2 (46. Rg8 $18 Rh1 47. Rg5) 46... Rh1 $16 47. Rf5 ({Only move:} 47. Kd4 $1 $16) 47... Rd1+ $2 (47... Kc6 $11) 48. Ke3 $1 $18 Kc6 49. Rc5+ Kb6 50. Rd5 $1 Re1+ 51. Kf4 {[%emt 0:00:00] And now e5 would win.} Kc6 52. Rd4 $2 (52. Rc5+ $18 Kb6 53. Rd5) 52... Rf1+ $2 (52... Rh1 $11) 53. Ke3 $1 {[%emt 0:00:00] White threatens e5 and mate.} Rh1 54. e5 $1 {[%emt 0:00:00] Kf3 would kill now.} Rh3+ 55. Ke4 $2 (55. Ke2 $18 {Threatens to win with Rd6+.} Rh5 56. Rd6+ Kc7 57. Rd5) 55... Rh4+ $1 $11 56. Kd3 Rh3+ {[%emt 0:00:21][%mdl 8192] [#]} (56... Rh6 $11) 57. Kd2 $2 (57. Ke2 $1 $18 {Hoping for Rd6+.} Rh5 58. Rd6+ Kc7 59. Rd5) 57... Rh2+ 58. Ke3 $2 (58. Kd1 $11) 58... Rh3+ $18 59. Kf2 Kc7 60. Rd5 Kc6 61. Rc5+ Kd7 62. Rxb5 Rb3 {[%emt 0:00:35] [#]} 63. Ke2 $1 {[%emt 0:00:00] Black must now prevent Kd2.} Kc6 64. Rc5+ {[%emt 0:00:00] White mates.} Kd7 65. b5 Ke6 66. Kd2 Kf5 67. Kc2 Rb4 68. Kc3 Rb1 69. Kd4 Re1 70. Kd5 {[%emt 0:00:00] Weighted Error Value: White=0.78/Black=0.18 (very precise)} 1-0

[Event "Czech Open-GM 2022"]
[Site "Pardubice"]
[Date "2022.07.28"]
[Round "7.7"]
[White "Dobrowolski, Piotr"]
[Black "Sarkar, Justin"]
[Result "1/2-1/2"]
[ECO "B92"]
[WhiteElo "2423"]
[BlackElo "2346"]
[Annotator "TA"]
[PlyCount "97"]
[EventDate "2022.07.22"]
[EventType "swiss"]
[EventCountry "CZE"]
[SourceTitle "playchess.com"]
[Source "ChessBase"]
[SourceQuality "1"]
[TimeControl "40/5400+30:1800+30"]

1. e4 c5 2. Nf3 d6 3. d4 cxd4 4. Nxd4 Nf6 5. Nc3 a6 6. Be2 e5 7. Nb3 Be7 8. O-O O-O 9. Qd3 Be6 10. Bd2 {[%emt 0:04:27] B92: Sicilian Najdorf: 6 Be2.} Nc6 11. Nd5 {[%emt 0:09:09] Against Nb4} a5 12. a4 Bxd5 13. exd5 Nb4 14. Bxb4 axb4 15. a5 Qd7 $1 {[%emt 0:22:11] [#] Against Ra4} 16. Qd2 $146 ({Predecessor:} 16. Nd2 Rfc8 17. Nc4 Bd8 18. Rfd1 Rc5 19. Qb3 Rac8 20. a6 bxa6 21. Rxa6 Qb5 22. Rxd6 {1-0 (30) Vachier Lagrave,M (2749)-Nepomniachtchi,I (2792) Zagreb 2021}) 16... Rfc8 17. a6 bxa6 18. Bxa6 Rcb8 19. Bc4 Rxa1 $1 20. Rxa1 Bd8 21. Na5 ({White should play} 21. Kh1 $15) 21... Bxa5 $17 22. Rxa5 Qc7 23. Rb5 Rxb5 24. Bxb5 {[%emt 0:00:02][%mdl 4096] Endgame KQB-KQN} Qa5 25. Bf1 Qc5 (25... Qxd5 $6 26. Qxb4 g6 27. Qc3 $11) (25... Nxd5 $6 26. Bc4 Nf4 27. g3 $11) 26. g3 Nxd5 27. Bg2 Nb6 28. Qg5 g6 $1 29. h4 Kg7 $1 30. Qe7 h5 (30... Qxc2 $6 31. Qxd6 Nc4 32. Qc5 $11) (30... Nd5 $142 $1 31. Qb7 Nf6) 31. Qb7 {[%emt 0:02:13] [#]} d5 $1 32. Qb8 (32. b3 $17) 32... Nd7 $19 33. Qe8 Qd6 34. Qd8 e4 35. Bh3 {[%emt 0:00:18] [#]} f5 (35... e3 $1 $17 {Hoping for ...e2.} 36. Bxd7 (36. Qxd7 $2 Qxd7 37. Bxd7 e2 $19) 36... b3) 36. Bf1 $11 {[%emt 0:00:22] And now Bb5 would win. The position is equal.} d4 {[%emt 0:14:50] Threatens to win with ...d3.} 37. Bc4 d3 38. Qg8+ Kf6 39. cxd3 exd3 40. Qd8+ Ke5 41. Bxd3 Qxd3 42. Qe7+ Kd5 43. Qxd7+ {[%emt 0:00:05] KQ-KQ} Kc4 44. Qe6+ Kc5 45. Qxg6 Qd1+ 46. Kg2 Qd5+ 47. Kg1 Qd1+ 48. Kg2 Qd5+ 49. Kg1 {[%emt 0:01:08] Weighted Error Value: White=0.08 (flawless) /Black=0.08 (flawless)} 1/2-1/2

[Event "Czech Open-GM 2022"]
[Site "Pardubice"]
[Date "2022.07.28"]
[Round "7.8"]
[White "Savitha Shri B"]
[Black "Tahay, Alexis"]
[Result "1/2-1/2"]
[ECO "B90"]
[WhiteElo "2278"]
[BlackElo "2393"]
[Annotator "TA"]
[PlyCount "83"]
[EventDate "2022.07.22"]
[EventType "swiss"]
[EventCountry "CZE"]
[SourceTitle "playchess.com"]
[Source "ChessBase"]
[SourceQuality "1"]
[TimeControl "40/5400+30:1800+30"]

1. e4 c5 2. Nf3 d6 3. d4 cxd4 4. Nxd4 Nf6 5. Nc3 a6 6. Be3 e5 7. Nb3 Be6 8. h3 {[%emt 0:00:06] B90: Sicilian Najdorf: Unusual White 6th moves, 6 Be3 Ng4 and 6 Be3 e5.} Nbd7 9. g4 b5 10. g5 b4 11. Nd5 Nxd5 12. exd5 Bf5 13. Bd3 Bxd3 14. Qxd3 Be7 15. h4 O-O 16. O-O-O a5 {[%emt 0:11:04] [#]} 17. Nd2 $146 ({Predecessor:} 17. Kb1 Qc7 18. Nd2 Rac8 19. Ne4 Qc4 20. Qxc4 Rxc4 21. Nd2 Rcc8 22. Nb3 Bd8 23. f4 {½-½ (46) Sokolov,A (2497)-Felgendreher,H (2400) Germany 2019}) 17... a4 18. Ne4 Qa5 19. Kb1 Qa6 20. Rhg1 Rfc8 21. Rg4 Qxd3 22. Rxd3 Rab8 23. a3 {[%emt 0:10:27] axb4 is the strong threat. White is more active.} Kf8 24. Ng3 g6 25. Rxb4 Rxb4 26. axb4 Rc4 (26... f5 $16) 27. Rc3 $1 $18 Rxc3 28. bxc3 {[%emt 0:00:39][%cal Bb2c3,Bc3c4,Bc4c5][%mdl 4128] Endgame KBN-KBN} f5 {[%emt 0:00:01] [#] Threatens to win with ...f4.} 29. gxf6 $1 Nxf6 (29... Bxf6 $142 30. h5 gxh5) 30. c4 {[%emt 0:02:18] aiming for Ka2.} Ke8 (30... h5 $142 31. b5 Ke8) 31. Bg5 {[%emt 0:02:10] Black must now prevent Kb2.} Nd7 32. Ne4 Nb6 33. Bxe7 Kxe7 {[%emt 0:00:01] [#] KN-KN} 34. c5 Nxd5 35. cxd6+ Ke6 36. c3 Nb6 37. Ka2 Nc4 38. Ng5+ Kxd6 39. Nxh7 e4 40. Ng5 $2 (40. Nf8 $18) 40... Ke5 $11 41. b5 {[%emt 0:07:00] Strongly threatening Nh7.} Kd5 42. Nh3 {[%emt 0:03:38] Weighted Error Value: White=0.19 (very precise) /Black=0.17 (very precise)} 1/2-1/2

[Event "Czech Open-GM 2022"]
[Site "Pardubice"]
[Date "2022.07.28"]
[Round "7.9"]
[White "Aradhya, Garg"]
[Black "Luch, Michal"]
[Result "1/2-1/2"]
[ECO "E46"]
[WhiteElo "2229"]
[BlackElo "2375"]
[Annotator "TA"]
[PlyCount "111"]
[EventDate "2022.07.22"]
[EventType "swiss"]
[EventCountry "CZE"]
[SourceTitle "playchess.com"]
[Source "ChessBase"]
[SourceQuality "1"]
[TimeControl "40/5400+30:1800+30"]

1. d4 Nf6 2. c4 e6 3. Nc3 Bb4 4. e3 O-O 5. Bd2 c5 6. d5 {[%emt 0:01:17] E46: Nimzo-Indian: Rubinstein: 4 e3 0-0 5 Ne2 without early Bd3.} exd5 7. cxd5 d6 8. Nge2 Nbd7 9. a3 Ba5 {[%emt 0:08:50] [#]} 10. Nf4 $146 ({Predecessor:} 10. Ng3 Ne5 11. Be2 Bd7 12. O-O a6 13. e4 b5 14. b3 Re8 15. f4 Neg4 16. Bxg4 Nxg4 {½-½ (39) Appelquist,O-Nordstrom,E Sweden 1972}) 10... a6 11. Be2 b5 12. b4 Bb6 (12... cxb4 13. axb4 Bxb4 14. Nxb5 Bxd2+ 15. Qxd2 $11) 13. O-O Re8 14. Qb1 Bb7 15. Rd1 $1 Rc8 16. bxc5 dxc5 (16... Nxc5 17. a4 $14) 17. Be1 Ba5 18. d6 c4 19. Nfd5 $2 (19. a4 $1 $15 b4 20. Ncd5) 19... Bxd5 20. Nxd5 Bxe1 21. Ne7+ (21. Nxf6+ $142 Nxf6 22. Rxe1) 21... Rxe7 $19 22. dxe7 {[%emt 0:00:05] [#]} Bxf2+ $1 23. Kxf2 Qxe7 24. Bf3 {[%emt 0:01:52] Prevents Ne4+.} Nc5 (24... Re8 $2 25. Re1 $19) 25. g3 Re8 {[%emt 0:05:49] Strongly threatening ...Nfe4+.} 26. Kg2 Qxe3 27. Re1 Qd2+ 28. Kh1 Rxe1+ 29. Qxe1 Qxe1+ 30. Rxe1 {[%emt 0:00:01][%mdl 4096] Endgame KRB-KNN} Kf8 31. Bc6 (31. Kg1 $17 {is a better defense.}) 31... Ne6 32. Kg2 h5 {[%emt 0:00:28] Threatens to win with ...Nd4.} 33. Bb7 Nc5 34. Bc8 c3 {[%emt 0:00:33] aiming for ...g6.} 35. Bf5 g6 ({Black should try} 35... Nb3 $1 {And now ...a5 would win.} 36. Bd3 g6) 36. Bc2 $17 Ne6 $1 37. Bxg6 Nd4 (37... fxg6 38. Rxe6 Nd5 39. Kf3 $11) 38. Bd3 a5 $1 {[%emt 0:00:24] ...b4 is the strong threat.} 39. Rb1 {[%emt 0:01:44] Prevents b4.} (39. Re5 $17 {was necessary.} c2 40. Rc5) 39... Nd5 (39... Ng4 $19 {White must now prevent ...Kg7.} 40. Kf1 Kg7) 40. Kf2 $1 $15 b4 41. axb4 axb4 42. Bc4 {[%emt 0:00:00] Prevents b3.} Nb6 43. Bd3 (43. Rxb4 $2 c2 44. Rxb6 c1=Q $19) 43... Nd5 44. Bc4 {[%emt 0:00:00] Inhibits b3.} c2 45. Rc1 Nb6 46. Ba2 ({Don't blunder} 46. Ke3 $2 Nxc4+ 47. Kxd4 b3 $1 $19) 46... Na4 47. Ke3 Nc3 {[%emt 0:07:11] Pair of Knights!} 48. Bc4 {[%emt 0:00:00] [#]} b3 $1 49. Bxb3 {[%emt 0:00:00][%mdl 64] Remove Defender} ({But not} 49. Kxd4 $2 b2 50. Rxc2 {[#]} b1=Q $1 $19) 49... Nxb3 50. Rxc2 Nb5 51. Rc4 {[%emt 0:00:00] The position is equal.} Kg7 52. Rb4 N3d4 {[%emt 0:00:07] Hoping for ...Nc2+.} 53. Rxd4 Nxd4 54. Kxd4 Kf6 55. Ke4 Kg5 {[%emt 0:00:08] ( -> ...Kg4)} 56. Kf3 {[%emt 0:00:00] Whites escaped into a draw.  Weighted Error Value: White=0.22 (precise) /Black=0.20 (precise)} 1/2-1/2

[Event "Czech Open-GM 2022"]
[Site "Pardubice"]
[Date "2022.07.28"]
[Round "7.11"]
[White "Lokander, Martin"]
[Black "Nurkiewicz, Maciej"]
[Result "0-1"]
[ECO "D85"]
[WhiteElo "2483"]
[BlackElo "2332"]
[Annotator "TA"]
[PlyCount "112"]
[EventDate "2022.07.22"]
[EventType "swiss"]
[EventCountry "CZE"]
[SourceTitle "playchess.com"]
[Source "ChessBase"]
[SourceQuality "1"]
[TimeControl "40/5400+30:1800+30"]

1. d4 Nf6 2. c4 g6 3. Nc3 d5 4. cxd5 Nxd5 5. e4 Nxc3 6. bxc3 Bg7 7. Nf3 c5 8. Bb5+ Nc6 9. O-O cxd4 10. cxd4 O-O 11. Bxc6 {D85: Exchange Grünfeld: Unusual White 7th moves and lines with 7 Nf3.} bxc6 12. Qc2 Bxd4 13. Nxd4 {The position is equal.} Qxd4 14. Bb2 Qb4 {[#]} 15. Bc3 $146 {[%emt 0:09:51][%mdl 1024] White has compensation.} ({Predecessor:} 15. Rfb1 Qa5 16. Qxc6 Be6 17. Bc3 Qg5 18. Qb5 Qxb5 19. Rxb5 Rfc8 20. Bb4 Rab8 21. Rxb8 Rxb8 {½-½ (65) Baidetsky,V (2435)-Schernthaner,D (2279) Graz 2022}) 15... Qc4 16. Qb2 Be6 17. Qa3 Rfd8 18. Rad1 {[%emt 0:04:46] And now Rxd8+ would win.} c5 19. Ba1 Rxd1 20. Rxd1 f6 (20... Qc2 {is interesting.} 21. Qc1 Qxc1 22. Rxc1 Rb8) 21. e5 f5 22. h4 (22. h3 $142) 22... a5 23. Rc1 Qxa2 24. Qe3 (24. Qxc5 $17 Rc8 25. Qe3) 24... Rb8 (24... a4 $19 {...a3 is the strong threat.} 25. h5 g5 26. Qxc5 Kf7) 25. Qxc5 Rb1 {[%emt 0:10:06] Black is more active.} 26. Bd4 a4 (26... Kf7 $17 27. Be3 Rb7) 27. Be3 $15 Rxc1+ 28. Bxc1 Qc4 29. Qxc4 Bxc4 $17 {[%emt 0:00:07][%mdl 4096] Endgame KB-KB} 30. f4 Kf7 31. Kf2 Ke6 32. Ba3 Kd5 33. Bxe7 Ke4 34. g3 Kd3 35. Bf8 Bf7 36. Be7 Bg8 37. Bf8 Be6 38. Be7 Bd5 39. Bf8 Bb3 40. Be7 Bf7 41. Bf8 Bb3 ({Black should play} 41... Kd2 $17) 42. Ba3 {[%emt 0:00:00] [#]} (42. Be7 $1 $11 {was the only way to keep the balance.}) 42... Kc3 (42... Kd2 $1 $17) 43. Ke3 $15 Bc4 44. Be7 Kb2 {[%emt 0:01:47] Strongly threatening ...a3.} 45. Kd4 Bb3 (45... Kb3 $15) 46. Bb4 $2 (46. e6 $11) 46... a3 $19 {[%emt 0:00:35] aiming for ...a2.} 47. Bxa3+ Kxa3 {[%emt 0:00:02] KB-KP. Black mates.} 48. Kc5 Kb2 49. Kd6 Kc3 50. Ke7 Kd4 51. Kf6 Ke4 52. Kg7 Kf3 53. Kxh7 Kxg3 54. Kxg6 Kxf4 55. Kf6 {[%emt 0:00:00] [#]} Bd1 $1 56. e6 Bh5 {[%emt 0:00:06] Weighted Error Value: White=0.44/Black=0.09 (flawless)} 0-1

[Event "Czech Open-GM 2022"]
[Site "Pardubice"]
[Date "2022.07.28"]
[Round "7.12"]
[White "Bhambure, Shantanu"]
[Black "Haring, Filip"]
[Result "0-1"]
[ECO "D37"]
[WhiteElo "2320"]
[BlackElo "2451"]
[Annotator "TA"]
[PlyCount "150"]
[EventDate "2022.07.22"]
[EventType "swiss"]
[EventCountry "CZE"]
[SourceTitle "playchess.com"]
[Source "ChessBase"]
[SourceQuality "1"]
[TimeControl "40/5400+30:1800+30"]

1. d4 Nf6 2. c4 e6 3. Nf3 d5 4. Nc3 a6 5. c5 b6 6. cxb6 {[%emt 0:00:10] D37: Queen's Gambit Declined: 5 Bf4.} c5 7. Bf4 {[%emt 0:02:50] Hoping for Bc7.} Bd6 {[%emt 0:19:16] Against Bc7} 8. Bxd6 {[%emt 0:00:52] The position is equal.} Qxd6 9. dxc5 Qxc5 10. Qd4 Qxd4 (10... Qd6 $11) 11. Nxd4 $16 e5 12. Nf3 {[%emt 0:28:37] [#]} (12. Nb3 $1 $16) 12... Nbd7 $146 ({Predecessor:} 12... d4 13. Na4 Nbd7 14. g3 Bb7 15. Bg2 Rb8 16. Rc1 O-O 17. O-O Bd5 18. b3 Rfe8 {1-0 (46) Mishra,A (2354)-Sarkar,J (2366) Charlotte 2021}) 13. e3 Rb8 $1 14. Na4 Ke7 15. Rc1 Kd6 16. Be2 Nxb6 17. Nxb6 Rxb6 18. b3 Bd7 19. O-O Bb5 20. Rfe1 Ne4 21. Kf1 Rbb8 22. Rc2 Rhc8 23. Rec1 Rxc2 {[%emt 0:00:07] Active counter play!} 24. Rxc2 a5 25. Bxb5 Rxb5 $11 {[%emt 0:00:05][%mdl 4096] Endgame KRN-KRN} 26. Ke2 Rb8 27. Ne1 a4 28. bxa4 Nc5 29. a5 e4 30. Kd2 Rb5 31. Kc1 Rxa5 32. Rb2 f5 33. h4 Ke5 34. Rd2 (34. f4+ $15 Kd6 35. g3) 34... f4 $1 $17 35. Kb2 Rb5+ 36. Kc1 Ra5 37. Kb2 $1 Rb5+ 38. Kc1 $1 g6 $1 39. Rb2 Ra5 40. Rd2 h6 41. Kd1 fxe3 42. fxe3 Ra3 43. Nc2 (43. Ke2 $142) 43... Rxa2 $19 44. Nb4 $2 (44. h5 gxh5 45. g3) 44... Rxd2+ 45. Kxd2 {[%emt 0:00:00] KN-KN} h5 {[%emt 0:03:48] Strongly threatening ...Ne6.} 46. Ke2 Ne6 47. g3 Ng7 48. Kf2 Nf5 49. Nc2 d4 50. exd4+ Kd5 51. Kg2 Kc4 52. d5 Kxd5 53. Kf2 Kc4 54. Ne1 Kd4 55. Ng2 e3+ 56. Kf3 {[%emt 0:00:00] [#]} Kd3 $1 57. Nf4+ Kd2 58. Ne2 Nh6 59. Nd4 {[%emt 0:00:00] [#]} Kd3 $2 (59... Ng4 $1 {mates} 60. Nb3+ Ke1 61. Nd4 Kd1 62. Nb5 Kd2 63. Nd4 Ne5+ 64. Ke4 e2 65. Nxe2 Kxe2 66. Kxe5 Kf3 67. Kf6 Kxg3 68. Kg5 Kh3 69. Kf6 Kxh4 70. Ke5 Kg3 71. Ke6 h4 72. Ke7 h3 73. Kf6 h2 74. Ke7 h1=Q 75. Kd6 Kf4 76. Kc5 Qb7 77. Kc4 Qc6+ 78. Kd4 Qb5 79. Kc3 Ke3 80. Kc2 Qb4 81. Kc1 Kd3 82. Kd1 Qd2#) 60. Nb3 $2 (60. Ne6 $11) 60... Ng4 $2 ({Black should play} 60... Nf5 $19 {( -> ...Nd4+)} 61. Nc5+ Kd2 62. Ne4+ Kd1) 61. Nc5+ $11 Kc4 62. Ne6 Kd3 (62... Kd5 $5 63. Nf4+ Kd4 $11) 63. Nc5+ Kd2 64. Ne4+ Kd1 (64... Kc1 $5 65. Ke2 Kc2 $11) 65. Nc3+ Kc2 66. Ne4 $1 Kd1 67. Nc3+ Ke1 68. Ne2 $2 {[%emt 0:04:36][%mdl 8192] This move loses the game for White.} (68. Ne4 $11 e2 69. Nc3 Nh2+ 70. Kf4) 68... Kd2 {[%emt 0:00:12] Black mates.} 69. Nf4 Ne5+ 70. Ke4 e2 71. Ng2 Nd3 72. Kd5 e1=Q 73. Nxe1 Kxe1 74. Ke6 Kf2 75. Kf6 Kxg3 {[%emt 0:00:06] Weighted Error Value: White=0.43/Black=0.27 (precise)} 0-1

[Event "Czech Open-GM 2022"]
[Site "Pardubice"]
[Date "2022.07.28"]
[Round "7.13"]
[White "Dixit, Nikhil"]
[Black "Lalic, Bogdan"]
[Result "1/2-1/2"]
[ECO "B27"]
[WhiteElo "2325"]
[BlackElo "2412"]
[Annotator "TA"]
[PlyCount "30"]
[EventDate "2022.07.22"]
[EventType "swiss"]
[EventCountry "CZE"]
[SourceTitle "playchess.com"]
[Source "ChessBase"]
[SourceQuality "1"]
[TimeControl "40/5400+30:1800+30"]

1. e4 c5 2. Nf3 g6 3. d4 cxd4 4. Qxd4 Nf6 5. Bb5 a6 6. Ba4 {[%emt 0:00:13] B27: Sicilian: 2 Nf3, unusual Black 2nd moves.} b5 $1 ({Don't take} 6... Nc6 7. Bxc6 bxc6 8. e5 $14) 7. Bb3 {[%emt 0:00:07] [#] Strongly threatening e5.} Nc6 8. Qd3 {[%emt 0:01:06] The position is equal.} Bg7 9. O-O O-O 10. Nc3 d6 {[%emt 0:00:19] is the legacy move (10...Bb7).} 11. h3 Bb7 {[%emt 0:01:21] [#]} 12. Re1 $146 ({Predecessor:} 12. a3 Rc8 13. Re1 Nd7 14. Ba2 Nce5 15. Nxe5 Nxe5 16. Qg3 Nc4 17. Nd1 a5 18. c3 {½-½ (46) Birnboim,N (2369)-Jimenez Molina,J (2174) Prague 2020}) 12... Na5 13. Nd5 Rc8 (13... Nd7 $5 ) 14. c3 Nxd5 15. Bxd5 Qc7 {[%emt 0:00:56] Weighted Error Value: White=0.05 (flawless) /Black=0.04 (flawless)} 1/2-1/2

[Event "Czech Open-GM 2022"]
[Site "Pardubice"]
[Date "2022.07.28"]
[Round "7.14"]
[White "Jurcik, Marian"]
[Black "Slovak, Kilian"]
[Result "1/2-1/2"]
[ECO "E61"]
[WhiteElo "2409"]
[BlackElo "2321"]
[Annotator "TA"]
[PlyCount "113"]
[EventDate "2022.07.22"]
[EventType "swiss"]
[EventCountry "CZE"]
[SourceTitle "playchess.com"]
[Source "ChessBase"]
[SourceQuality "1"]
[TimeControl "40/5400+30:1800+30"]

1. d4 Nf6 2. c4 g6 3. Nc3 Bg7 4. g3 O-O 5. Bg2 d6 6. Nf3 c6 7. O-O Qb6 {[%emt 0:00:07] 7...Bf5 is setting a new trend.} 8. b3 Qa5 {[%emt 0:02:55] E62: King's Indian: Fianchetto: 6...c6 and Panno Variation (6...Nc6) without ...a6.} 9. Qd2 Qh5 10. Qg5 Qxg5 {[%emt 0:00:43] White is slightly better.} 11. Bxg5 Nbd7 {[%emt 0:06:50] [#]} 12. h3 $146 ({Predecessor:} 12. Rad1 Re8 13. e4 h6 14. Bc1 a6 15. h3 Rb8 16. e5 dxe5 17. dxe5 Nh7 18. e6 fxe6 {0-1 (58) Grigoryan,K (2586)-Babujian,L (2471) Yerevan 2014}) 12... Re8 13. e4 e5 14. d5 Nc5 15. Nd2 Nh5 16. Rfd1 Bd7 17. Nf1 (17. b4 $16 Na6 18. dxc6 bxc6 19. a3) 17... cxd5 18. Nxd5 Ne6 {[%emt 0:00:12] Prevents Nc7.} 19. Be7 Bf8 20. Bxf8 {[%emt 0:00:41] White is more active.} Kxf8 21. Bf3 Bc6 22. Nfe3 (22. Bxh5 $16 {Bg4 is the strong threat.} gxh5 23. Nfe3) 22... Nhg7 $1 $11 23. Nf6 Red8 24. h4 (24. Nxh7+ $14 Ke7 25. Nd5+ Bxd5 26. exd5 (26. cxd5 Nd4 $15) (26. Rxd5 $2 Rh8 $19)) 24... h6 25. Nc2 Ne8 26. Nd5 a5 27. Bg2 N8c7 (27... Bxd5 $5 28. cxd5 (28. exd5 Nc5 $11) 28... Nc5 $11) 28. Nxc7 Nxc7 29. Rd2 Ke7 30. h5 Ne6 31. hxg6 fxg6 32. Rad1 Rf8 33. f3 Rad8 34. Re1 Ng5 35. Rd3 Rf6 36. f4 (36. Rf1 $11) 36... Ne6 (36... exf4 $17 {Threatens to win with ...f3.} 37. gxf4 Rxf4) 37. fxe5 dxe5 38. Rd5 Bxd5 $19 39. exd5 Nc5 40. Rxe5+ Kd6 41. Re3 {[%emt 0:02:53] [#]} Rd7 (41... Rdf8 $1 $17 {And now ...Rf2 would win.} 42. Nd4 Rf2) 42. a3 $1 $11 {[%emt 0:02:57] Hoping for b4.} b6 43. b4 Na4 (43... Na6 $11) 44. Nd4 $14 {[%emt 0:03:24][%cal Rd4b5][%mdl 1024] White has compensation.} Re7 45. Nb5+ Kd7 46. Bh3+ Kd8 47. Be6 h5 48. Kg2 h4 ({Black should try} 48... g5) 49. gxh4 $16 Rf4 {[%emt 0:01:42] Inhibits Nd4.} 50. Nd6 (50. c5 $16 bxc5 51. bxa5 (51. Kg3 Rf5 $11)) 50... Rxh4 $11 {[%emt 0:00:49] The position is equal.} 51. Nf7+ Rxf7 $1 52. Bxf7 {[%emt 0:00:02] [#] aiming for d6.} Rxc4 53. bxa5 bxa5 54. Bxg6 {[%emt 0:00:45] KRB-KRN} Rg4+ 55. Rg3 Rxg3+ 56. Kxg3 Nc3 57. Kf4 {[%emt 0:01:28] Weighted Error Value: White=0.23 (precise) /Black=0.17 (very precise)} 1/2-1/2